cohdb
Replays
Latest Replays
All Replays
Popular Replays
Top Player Replays
Match Explorer
How It Works
Community
CoH3 Stats
Reddit
Sign in to upload your games and track your stats! →
Sign in with Steam
Match 20565383
Unlisted
Match 20565383
Overview
Messages
Build Orders
End
Panzergrenadier Squad
Panzerpioneer Squad
Construct Light Support Kompanie
Selects Italian Infantry
Panzerjäger Squad
Panzerjäger Squad
Fire Support Elements
2.5-tonne Medical Truck
Assault Grenadier Squad
Selects Guastatori Squad
Selects Registered Artillery
Registered Artillery
Panzerjäger Squad
Construct Panzerarmee Kommand
Registered Artillery
Walking Stuka Rocket Launcher
Selects Defensive Operations
Selects Territory Booby Traps
Panzer III L Medium Tank
Panzer III L Medium Tank
Panzerjäger Squad
Armored Reserves
Selects Obice 305mm Barrage
Panzerjäger Squad
Registered Artillery
Obice 305mm Barrage
Selects Towed Cannone da 105/28 Field Howitzer
Tiger Heavy Tank
Couch Tomato
Falk Strife
women respecter
Barbarossa
ELgringo
shrek
Mr Frog
DirtyDan
0
0
Comments
sign in to comment!
No comments posted yet!